 Dungeon Crawl Stone Soup version 0.18-b1-22-ge198996 (webtiles) character file.

4438 rezek the Basher (level 10, -16/64 HPs)
             Began as a Kobold Assassin on May 4, 2016.
             Was a Follower of Pakellas.
             Killed from afar by tstbtto's ghost (28 damage)
             ... with a bolt of negative energy
             ... on level 9 of the Dungeon.
             The game lasted 00:39:51 (10272 turns).

rezek the Basher (Kobold Assassin)                 Turns: 10272, Time: 00:39:52

Health: -16/64     AC: 11    Str: 11    XL:     10   Next: 63%
Magic:  24/24      EV: 15    Int:  9    God:    Pakellas [*.....]
Gold:   489        SH:  0    Dex: 20    Spells: 0 memorised, 9 levels left

rFire  . . .     SeeInvis .     a - +6 flail (drain)
rCold  . . .     Gourm    .     m - +0 troll leather armour {Purgy}
rNeg   . . .     Faith    .     (shield restricted)
rPois  +         Spirit   .     K - +2 helmet
rElec  .         Dismiss  .     d - +0 cloak
rCorr  .         Reflect  .     (no gloves)
SustAt .         Harm     .     C - +2 pair of boots
MR     .....                    (no amulet)
Stlth  +++.......               A - ring of poison resistance
                                p - ring of magical power

@: heavily drained, not resistant to hostile enchantments, fairly stealthy
A: carnivore 3
a: Quick Charge, Renounce Religion


You were on level 9 of the Dungeon.
You worshipped Pakellas.
Pakellas was aware of your devotion.
You were completely stuffed.

You visited 2 branches of the dungeon, and saw 10 of its levels.
You also visited: Sewer.

You collected 489 gold pieces.

Inventory:

Hand Weapons
 a - a +6 flail of draining (weapon)
 b - a +1 blowgun
 h - a +0 flail
Missiles
 e - 37 poisoned needles
 y - a curare-tipped needle
Armour
 d - a +0 cloak (worn)
 m - a +0 troll leather armour (worn) {Purgy}
 C - a +2 pair of boots (worn)
 K - a +2 helmet (worn)
Jewellery
 p - a ring of magical power (left hand)
 q - an uncursed ring of magical power
 A - a ring of poison resistance (right hand)
 B - an uncursed ring of sustain attributes
Wands
 s - a wand of iceblast (9/15)
 v - a wand of digging (7/24)
 J - a wand of slowing (20/48)
Scrolls
 f - 3 scrolls of torment
 l - 12 scrolls of identify
 u - 2 scrolls of enchant weapon
 w - 3 scrolls of teleportation
 z - 4 scrolls of remove curse
 F - a scroll of enchant armour
 I - a scroll of magic mapping
Potions
 c - 4 potions of brilliance
 i - 3 potions of flight
 j - a potion of cancellation
 o - a potion of berserk rage {unknown}
 r - a potion of agility
 x - a potion of might
 D - a potion of heal wounds
 E - a potion of magic
 G - 2 potions of curing
Comestibles
 g - 3 meat rations
 k - 2 beef jerkies
 n - 2 slices of pizza
 t - 6 chunks of flesh


   Skills:
 + Level 7.6(5.1) Fighting
   Level 2.6(0.5) Short Blades
 * Level 10.1(7.4) Maces & Flails
 - Level 2.1(0.0) Throwing
 + Level 3.6(1.4) Armour
 + Level 4.8(2.5) Dodging
 - Level 5.3(2.9) Stealth
 * Level 6.8(4.4) Evocations


You had 9 spell levels left.
You didn't know any spells.

Dungeon Overview and Level Annotations

Branches:
Dungeon (9/15)             Temple (1/1) D:7
   Lair: D:8-11         Orc: D:9-12

Altars:
Ashenzari
Cheibriados
Dithmenos
Elyvilon
Fedhas
Gozag
Kikubaaqudgha
Nemelex Xobeh
Okawaru
Pakellas
Qazlal
Ru
Sif Muna
Trog
Vehumet
Xom
Yredelemnul
Zin
The Shining One

Shops:
D:4 %

Annotations:
D:9 tstbtto's ghost, novice DrBe


Innate Abilities, Weirdness & Mutations

You are small and have problems with some larger weapons.
You are carnivorous and can eat meat at any time.


Message History

Tstbtto's ghost is almost destroyed.
Tstbtto's ghost barely misses you.
You hit tstbtto's ghost.
Tstbtto's ghost is almost destroyed.
Tstbtto's ghost breathes negative energy at you.
The bolt of negative energy hits you!
You feel drained.
* * * LOW HITPOINT WARNING * * *
You are too injured to fight recklessly!
You are too injured to fight recklessly!
You are too injured to fight recklessly!
You closely miss tstbtto's ghost.
Tstbtto's ghost is almost destroyed.
You hit tstbtto's ghost.
Tstbtto's ghost is almost destroyed.
Tstbtto's ghost hits you.
* * * LOW HITPOINT WARNING * * *
Tstbtto's ghost breathes negative energy at you.
The bolt of negative energy hits you!
You feel drained.
You die...
Pakellas says: Good help is so hard to find these days!

........#####.....##.#...#
##..........####..##..#.##
#.............#..##..._..
#..##...##.<..#..##.##.#.
...............#######...#
.......###+#######........
#####..#......+..#.##..#..
....#.....##..+........
######.@...##..#######+#
.................#......
.................#.>....
..........(......#......
###....W........##......
#.............##......
..............>.........
........................
........................


You could see tstbtto's ghost.

Vanquished Creatures
  2 hill giants
  The ghost of ThereIsNoGod the Sneak, a novice OpAs of Okawaru (D:6)
  Eustachio (D:4)
  Edmund (D:5)
  Menkaure (D:5)
  2 ice beasts
  Purgy (Sewer)
  2 sky beasts
  A necrophage (D:6)
  2 phantoms
  An ogre (D:5)
  2 centaurs
  4 giant frogs
  2 big kobolds (D:7)
  A scorpion (D:7)
  3 wights (D:8)
  3 killer bees (D:8)
  2 crimson imps
  A wasp zombie (D:9)
  2 centaur skeletons
  2 orc priests
  2 hounds
  2 giant frog skeletons
  6 orc wizards
  3 iguanas
  4 worker ants
  Terence (D:3)
  Ijyb (D:3)
  4 gnolls (D:5)
  18 adders
  A river rat (D:4)
  A shadow imp (D:6)
  2 oozes
  An adder zombie (D:6)
  4 adder skeletons
  2 worms
  5 giant geckos
  10 orcs
  3 ball pythons
  6 giant cockroaches
  6 goblins
  9 hobgoblins
  21 jackals
  15 kobolds
  8 quokkas
  4 bats
  A giant cockroach zombie (D:6)
  A giant gecko skeleton (D:5)
  8 giant newts
  2 quokka skeletons (D:4)
  4 rats
192 creatures vanquished.

Vanquished Creatures (others)
  A giant newt (D:3)
1 creature vanquished.

Grand Total: 193 creatures vanquished

Notes
Turn   | Place    | Note
--------------------------------------------------------------
     0 | D:1      | rezek the Kobold Assassin began the quest for the Orb.
     0 | D:1      | Reached XP level 1. HP: 12/12 MP: 1/1
    57 | D:1      | Reached XP level 2. HP: 18/18 MP: 2/2
   656 | D:1      | Reached skill level 1 in Maces & Flails
   764 | D:1      | Reached XP level 3. HP: 23/23 MP: 3/3
  1122 | D:2      | Gained mutation: Armour fits poorly on your strangely shaped body. [potion of mutation]
  1122 | D:2      | Gained mutation: Potions and wands are less effective at restoring your health. [potion of mutation]
  1122 | D:2      | Gained mutation: You expend magic power (3 MP) to strengthen your wands. [potion of mutation]
  1141 | D:2      | HP: 1/23 [poisoned by an adder]
  1459 | D:2      | Gained mutation: Your system is resistant to poisons. [potion of mutation]
  1459 | D:2      | Lost mutation: Potions and wands are less effective at restoring your health. [potion of mutation]
  1459 | D:2      | Gained mutation: You are resistant to electric shocks. [potion of mutation]
  1702 | D:2      | Reached skill level 2 in Maces & Flails
  1702 | D:2      | Reached XP level 4. HP: 13/28 MP: 4/4
  1730 | D:2      | HP: 1/28 [poisoned by an adder]
  2139 | D:2      | Found a deep blue altar of Sif Muna.
  2890 | D:2      | Found a snail-covered altar of Cheibriados.
  2996 | D:3      | Reached XP level 5. HP: 33/33 MP: 5/5
  3087 | D:3      | Noticed Ijyb
  3097 | D:3      | Killed Ijyb
  3097 | D:3      | Reached skill level 3 in Maces & Flails
  3662 | D:3      | Found a sparkling altar of Nemelex Xobeh.
  3764 | D:3      | Noticed Terence
  3787 | D:3      | Killed Terence
  3787 | D:3      | Reached skill level 1 in Evocations
  3891 | D:3      | Found a stormy altar of Qazlal.
  4129 | D:4      | Found Simolah's Food Shop.
  4265 | D:4      | Reached XP level 6. HP: 35/39 MP: 6/6
  4304 | D:4      | Found a glowing drain.
  4332 | Sewer    | Entered a sewer
  4584 | Sewer    | Noticed Purgy
  4601 | Sewer    | Killed Purgy
  4601 | Sewer    | Reached skill level 4 in Maces & Flails
  4601 | Sewer    | Reached skill level 1 in Armour
  4834 | D:4      | Reached XP level 7. HP: 17/44 MP: 8/8
  5077 | D:4      | Lost mutation: Your system is resistant to poisons. [potion of cure mutation]
  5077 | D:4      | Lost mutation: You are resistant to electric shocks. [potion of cure mutation]
  5077 | D:4      | Lost mutation: You expend magic power (3 MP) to strengthen your wands. [potion of cure mutation]
  5077 | D:4      | Lost mutation: Armour fits poorly on your strangely shaped body. [potion of cure mutation]
  5149 | D:4      | Found an opulent altar of Gozag.
  5237 | D:4      | Reached skill level 5 in Fighting
  5936 | D:5      | Entered Level 5 of the Dungeon
  5936 | D:5      | Noticed Menkaure
  5948 | D:5      | Noticed Eustachio
  6041 | D:5      | Noticed Edmund
  6053 | D:5      | Killed Edmund
  6053 | D:5      | Reached skill level 5 in Maces & Flails
  6350 | D:4      | Reached XP level 8. HP: 30/49 MP: 10/10
  6484 | D:4      | Killed Eustachio
  6809 | D:5      | Reached skill level 6 in Maces & Flails
  7212 | D:5      | Killed Menkaure
  7726 | D:6      | Reached skill level 7 in Maces & Flails
  7787 | D:6      | Reached XP level 9. HP: 54/55 MP: 12/12
  7949 | D:6      | Noticed ThereIsNoGod's ghost (novice OpAs)
  7958 | D:6      | Killed ThereIsNoGod's ghost
  7958 | D:6      | Reached skill level 8 in Maces & Flails
  8176 | D:6      | Reached skill level 5 in Evocations
  8461 | D:7      | Found an iron altar of Okawaru.
  8461 | D:7      | Found a bloodstained altar of Trog.
  8518 | D:7      | Found a staircase to the Ecumenical Temple.
  8533 | Temple   | Entered the Ecumenical Temple
  8539 | Temple   | Became a worshipper of Pakellas the Inventive
  8564 | D:7      | Found an ancient bone altar of Kikubaaqudgha.
  8819 | D:7      | Noticed a green ugly thing
  9209 | D:8      | Noticed a hill giant
  9341 | D:8      | Found a sacrificial altar of Ru.
  9383 | D:8      | Reached skill level 9 in Maces & Flails
  9383 | D:8      | Reached XP level 10. HP: 59/61 MP: 14/14
  9538 | D:8      | Reached * piety under Pakellas
  9538 | D:8      | Received a gift from Pakellas
  9789 | D:8      | Killed a hill giant
  9923 | D:7      | Found a basalt altar of Yredelemnul.
 10049 | D:9      | Found a shattered altar of Ashenzari.
 10076 | D:9      | Noticed a hill giant
 10090 | D:9      | Killed a hill giant
 10090 | D:9      | Reached skill level 10 in Maces & Flails
 10228 | D:9      | Noticed tstbtto's ghost (novice DrBe)
 10272 | D:9      | Killed from afar by tstbtto's ghost

Skill      XL: |  1  2  3  4  5  6  7  8  9 10 |
---------------+-------------------------------+-----
Fighting       | 3 4 5 6 7 |  7.6
Maces & Flails | 1 2 3 4 5 7 9 10 | 10.1
Evocations     | 1 3 4 5 6 |  6.8
Armour         | 1 2 3 |  3.6
Dodging        | 3 4 |  4.8
Short Blades   | |  2.6
Throwing       | |  2.1
Stealth        | |  5.3

Action                   |  1- 3 |  4- 6 |  7- 9 | 10-12 || total
-------------------------+-------+-------+-------+-------++-------
Melee: Dagger            |    81 |       |       |       ||    81
       Whip              |     5 |   129 |       |       ||   134
       Flail             |       |    88 |   338 |   115 ||   541
 Fire: Blowgun           |       |    26 |    25 |    11 ||    62
Evoke: Wand              |       |       |       |     5 ||     5
  Use: Potion            |     5 |     7 |     3 |     1 ||    16
       Scroll            |       |     5 |     7 |       ||    12
 Stab: Sleeping          |     6 |    11 |     4 |       ||    21
       Distracted        |       |       |     2 |     1 ||     3
  Eat: Chunk             |    11 |    10 |    15 |     3 ||    39
Armor: Robe              |     8 |     7 |       |       ||    15
       Leather armour    |       |    20 |    59 |       ||    79
       Troll leather arm |       |       |    44 |    23 ||    67
Dodge: Dodged            |    55 |   146 |   235 |    53 ||   489
